 Dungeon Crawl Stone Soup version 0.29-a0-330-g52719c12eb (webtiles) character file.

Game seed: 9079296548944471837

232 Mesmaeker13 the Ruffian (level 5, -3/45 HPs)
             Began as a Draconian Transmuter on May 18, 2022.
             Slain by Duvessa
             ... wielding a +0 short sword
              (17 damage)
             ... on level 3 of the Dungeon.
             The game lasted 00:05:27 (3022 turns).

Mesmaeker13 the Ruffian (Draconian Transmuter)      Turns: 3022, Time: 00:05:28

Health: -3/45      AC:  2    Str: 13    XL:     5   Next: 73%
Magic:  5/8        EV: 19    Int: 15    God:
Gold:   159        SH:  0    Dex: 16    Spells: 2/8 levels left

rFire   . . .      SeeInvis .     - Unarmed
rCold   . . .      Faith    .   (shield currently unavailable)
rNeg    . . .      Spirit   .   (body armour unavailable)
rPois   x          Reflect  .   (helmet currently unavailable)
rElec   .          Harm     .   (cloak currently unavailable)
rCorr   .          Rampage  .   (gloves currently unavailable)
Will    .....                   (boots currently unavailable)
Stlth   +.........              i - amulet of regeneration
HPRegen 0.95/turn               (no ring)
MPRegen 0.11/turn               (no ring)

@: spider-form
A: venomous fangs, AC +5, tiny, unfitting armour, (cold-blooded)
a: End Transformation


You were on level 3 of the Dungeon.
You were a venomous arachnid creature.
You visited 1 branch of the dungeon, and saw 4 of its levels.

You collected 159 gold pieces.

Inventory:

Hand Weapons
 d - a +0 long sword
Missiles
 c - 4 javelins
 g - 5 poisoned darts (quivered)
Armour
 n - a +0 cloak (melded)
 u - a +0 pair of gloves
Jewellery
 i - an amulet of regeneration (around neck)
Scrolls
 b - a scroll of magic mapping {unknown}
 e - a scroll of holy word
 k - a scroll of silence {unknown}
 o - a scroll of torment
 r - a scroll of noise {unknown}
 s - a scroll of immolation
 t - a scroll of enchant weapon {unknown}
Potions
 a - a potion of lignification
 j - 2 potions of degeneration
 l - a potion of ambrosia {unknown}
 m - 2 potions of flight {unknown}
 p - a potion of cancellation {unknown}
 q - a potion of mutation {unknown}


   Skills:
 + Level 3.3 Fighting
 - Level 2.0 Dodging
 + Level 4.2 Unarmed Combat
 - Level 2.1 Spellcasting
 + Level 3.6 Transmutations
 + Level 1.3 Poison Magic


You had 2 spell levels left.
You knew the following spells:

 Your Spells              Type           Power      Damage    Failure   Level
a - Beastly Appendage     Tmut           24%        N/A       14%         1
b - Wereblood             Tmut           12%        N/A       21%         2
c - Spider Form           Tmut/Pois      9%         N/A       45%         3

Your spell library contained the following spells:

 Spells                   Type           Power      Damage    Failure   Level
 Ice Form                 Ice/Tmut       7%         N/A       87%         4
 Passage of Golubria      Tloc           1%         N/A       98%         4
 Silence                  Hex/Air        0%         N/A       100%        5
 Dispersal                Tloc           0%         N/A       100%        6
 Disjunction              Tloc           0%         N/A       100%        8
 Lehudib's Crystal Spear  Conj/Erth      0%         10d2      100%        8


Dungeon Overview and Level Annotations

Branches:
Dungeon (4/15)
 Temple: D:4-7

Altars:
Vehumet

Annotations:
D:3 Duvessa


Innate Abilities, Weirdness & Mutations

You are a venomous arachnid creature.
You have poisonous fangs.
You are tiny and dextrous.
Your spellcasting is less reliable in this form.
Your armour is entirely melded.
You are incapable of wielding weapons or throwing items.
((Your plain brown scales are hard. (AC +5)))
You cannot fit into any form of body armour.
((You are cold-blooded and may be slowed by cold attacks.))


Message History

Things that are here:
a +0 dagger; a +0 robe; the elf corpse of Dowan Your transformation is almost over.
There is a stone staircase leading up here.
Casting: Beastly Appendage (safe; 4% risk of failure)
Confirm with . or Enter, or press ? or * to list all spells.
Okay, then.
You start waiting.
Your horns disappear.
Your talons disappear.
You are no longer glowing.
You start waiting.
Done waiting.
g - a poisoned dart
g - 2 poisoned darts (gained 1)
g - 3 poisoned darts (gained 1)
g - 4 poisoned darts (gained 1)
g - 5 poisoned darts (gained 1) Done exploring.
Done exploring.
Duvessa is nearby!
Duvessa shouts!
Duvessa goes berserk!
Duvessa rages.
Casting: Beastly Appendage (safe; 4% risk of failure)
Confirm with . or Enter, or press ? or * to list all spells.
The spell is quite dangerous to miscast (24% risk of failure)!
Continue anyway?
You turn into a venomous arachnid creature.
Your +0 cloak melds into your body.
Duvessa hits you with a +0 short sword!
You hit Duvessa but do no damage.
Duvessa is poisoned.
Duvessa hits you with a +0 short sword! Duvessa misses you.
You hit Duvessa.
Duvessa is lightly wounded.
Duvessa hits you with a +0 short sword!
* * * LOW HITPOINT WARNING * * *
Duvessa completely misses you.
You hit Duvessa but do no damage.
Duvessa looks as sick as possible!
Duvessa is lightly wounded.
Duvessa hits you with a +0 short sword!
You die...

##.##..# ###....§..# ##...#.##
#.......### #....#.# #.###.#)#
#....#.# #.# #§#.# #.####.#
#.###.#.# #.# #.# ###.##....#
#†# ##.## ######..[.....(#
#.###...###...##.#.##...e######
#...).).......se..............#
#####<..###...##.#.#.##.###e...
##.## #.............# #<... #.#
#.####........###.... #.# #.#
#..............# #.####.#
#........####.## #......#
##.......# #.# ########
#.......# #.# #.......# #.#


You could see Duvessa (berserk, extremely poisoned).

Vanquished Creatures
  Dowan (D:3)
  Natasha (thrice) (D:2)
  5 adders
  3 dart slugs
  6 bats
  6 endoplasms
  7 giant cockroaches
  6 goblins
  2 hobgoblins
  8 kobolds
  A quokka (D:3)
  5 ball pythons
  4 frilled lizards
  5 rats
62 creatures vanquished.

Notes
Turn   | Place    | Note
-------+----------+-------------------------------------------
     0 | D:1      | Mesmaeker13 the Draconian Transmuter began the quest for
                  | the Orb.
     0 | D:1      | Reached XP level 1. HP: 16/16 MP: 3/3
   115 | D:1      | Found a faded altar of an unknown god.
   128 | D:1      | Reached XP level 2. HP: 17/23 MP: 3/5
   726 | D:1      | You fall into a shaft and drop 1 floor!
   726 | D:2      | Found a radiant altar of Vehumet.
   793 | D:2      | Learned a level 2 spell: Wereblood
   884 | D:2      | Reached XP level 3. HP: 20/29 MP: 6/6
  1204 | D:2      | Noticed Natasha
  1215 | D:2      | Killed Natasha
  1233 | D:2      | Reached XP level 4. HP: 37/37 MP: 5/7
  1507 | D:2      | Noticed Natasha
  1523 | D:2      | Killed Natasha
  1659 | D:2      | Noticed Natasha
  1675 | D:3      | Learned a level 3 spell: Spider Form
  1843 | D:3      | Reached skill level 4 in Unarmed Combat
  1843 | D:3      | Reached XP level 5. HP: 42/44 MP: 6/8
  2455 | D:4      | Noticed Dowan
  2455 | D:4      | Noticed Duvessa
  2600 | D:2      | Killed Natasha
  2873 | D:3      | Killed Dowan
  2874 | D:3      | Reached skill level 1 in Poison Magic
  3022 | D:3      | Slain by Duvessa

Illustrated notes

Levels and vault maps discovered:
D:1:      minmay_arrival_hallway, layout_basic,
          hellmonk_ecumenical_altar_blasted
D:2:      layout_loops_ring, basic_altar, uniq_natasha
D:3:      layout_loops_ring
D:4:      layout_cave_pools, old_standard_altar, kennysheep_generic_room_8,
          uniq_sigmund, uniq_duvessa

Skill      XL: |  1  2  3  4  5 |
---------------+----------------+-----
Dodging        | 2 |  2.0
Fighting       | 2 3 |  3.3
Transmutations | 3 |  3.6
Unarmed Combat | 4 |  4.2
Poison Magic   | 1 |  1.3
Spellcasting   | |  2.1

Action                   |  1- 3 |  4- 6 || total
-------------------------+-------+-------++-------
Melee: Unarmed           |    85 |    90 ||   175
       Kick              |    17 |    25 ||    42
       Headbutt          |     7 |    14 ||    21
       Punch             |     2 |     3 ||     5
       Tailslap          |     2 |     4 ||     6
Throw: Dart              |       |     6 ||     6
 Cast: Beastly Appendage |    21 |    25 ||    46
       Wereblood         |       |     1 ||     1
       Spider Form       |       |     1 ||     1
  Use: Scroll            |       |     4 ||     4
       Potion            |       |     1 ||     1
 Stab: Sleeping          |       |     1 ||     1
Armor: Skin              |    32 |    30 ||    62
Dodge: Dodged            |    62 |    60 ||   122

Table legend: (Time is in decaauts)
 A = Elapsed time spent in this place.
 B = Non-inter-level travel time spent in this place.
 C = Inter-level travel time spent in this place.
 D = Time resting spent in this place.
 E = Time spent auto-exploring this place.
 F = Levels seen in this place.
 G = Mean time per level.
                   A        B        C        D        E       F      G
               +--------+--------+--------+--------+--------+-----+--------+
         Total |   3039 |   2943 |     96 |    459 |   1837 |   4 |  759.8 |
       Dungeon |   3039 |   2943 |     96 |    459 |   1837 |   4 |  759.8 |
               +--------+--------+--------+--------+--------+-----+--------+

Top non-repeatable levels by time:
     D:2: 1137 daAuts
     D:3: 974 daAuts
     D:1: 885 daAuts
     D:4: 41 daAuts
